 Dungeon Crawl Stone Soup version 0.22.0-38-g04b72b8c25 (webtiles) character file.

213 MagmaCrab the Skirmisher (level 5, 59/59 HPs)
             Began as an Ogre Berserker on Aug 19, 2018.
             Was a Believer of Trog.
             Got out of the dungeon alive.
             The game lasted 00:04:50 (2498 turns).

MagmaCrab the Skirmisher (Ogre Berserker)           Turns: 2498, Time: 00:04:51

Health: 59/59      AC:  3    Str: 22    XL:     5   Next: 90%
Magic:  5/5        EV: 11    Int: 12    God:    Trog [**....]
Gold:   121        SH:  0    Dex:  8    Spells: 4/4 levels left

rFire    . . .     SeeInvis .   a - +0 mace
rCold    . . .     Gourm    .   (no shield)
rNeg     . . .     Faith    .   b - +0 animal skin
rPois    .         Spirit   .   (helmet restricted)
rElec    .         Reflect  .   (no cloak)
rCorr    .         Harm     +   (gloves unavailable)
MR       .....                  (boots unavailable)
Stlth    +.........             q - amulet of harm
HPRegen  0.19/turn              h - ring of flight
MPRegen  0.09/turn              r - +4 ring of intelligence

@: no status effects
A: large, unfitting armour, tough skin 1
a: Berserk, Trog's Hand, Renounce Religion, Evoke Flight


You escaped.
You worshipped Trog.
Trog was pleased with you.
You were not hungry.

You visited 1 branch of the dungeon, and saw 4 of its levels.

You collected 121 gold pieces.

Inventory:

Hand Weapons
 a - a +0 mace (weapon)
Armour
 b - a +0 animal skin (worn)
Jewellery
 h - a ring of flight (left hand)
 q - an amulet of harm (around neck)
 r - a +4 ring of intelligence (right hand)
Scrolls
 d - a scroll of random uselessness {unknown}
 e - a scroll of remove curse {unknown}
 g - 2 scrolls of enchant armour {unknown}
 k - a scroll of noise {unknown}
 l - a scroll of identify {unknown}
 m - a scroll of enchant weapon {unknown}
 n - a scroll of fear {unknown}
 o - 2 scrolls of magic mapping {unknown}
Potions
 f - 2 potions of curing {unknown}
 i - a potion of haste {unknown}
 j - a potion of degeneration {unknown}
 p - a potion of agility {unknown}
Comestibles
 c - 3 rations


   Skills:
 + Level 5.8 Fighting
 + Level 4.0 Maces & Flails
 + Level 4.0 Dodging


You had 4 spell levels left.
You didn't know any spells.
Your spell library was empty.

Dungeon Overview and Level Annotations

Branches:
Dungeon (4/15)             Temple (0/1) D:4

Altars:
Okawaru


Innate Abilities, Weirdness & Mutations

You are too large for most types of armour.
You have tough skin. (AC +1)


Message History

There is an open door here.
There is a staircase leading out of the dungeon here.
You can't go down here!
Unknown command.
Done exploring.
Put on which piece of jewellery? (? for menu, Esc to quit)
h - a ring of flight (left hand) Put on which piece of jewellery? (? for menu, Esc to quit)
You feel clever.
r - a +4 ring of intelligence (right hand) Put on which piece of jewellery? (? for menu, Esc to quit)
q - an amulet of harm (around neck)
You can't go down here!
Are you sure you want to leave the Dungeon?
This will make you lose the game!
Alright, then stay!
Unknown command.
You can't go down here!
You can't go down here!
Are you sure you want to leave the Dungeon?
This will make you lose the game!
You have escaped!

# #.#.....#.####.######..# # #
#..#......# #.# #..# #
###.#...##### #.# #..###
.##.##.## #.# #....# ..#.##.##
#[# ##.#.#
........#################..#
..#...(.#...............#..######
.##.....#.8.8.##'##.8.8.#.....)..
###.....#..8..#.@.#..8..#...#####
# #.....#.8.8.#####.8.8.#...# # #
#.....#...............###.# # #
###..[###...⌠...⌠...#####.# # #
########....8....###.##.##### #
#.##.⌠...⌠.##.#.##...... #
#.###.....##.....####### #
##.#####'###......# #### #
##.#.####..........# #...


There were no monsters in sight!

Vanquished Creatures
  2 hounds (D:4)
  Terence (D:2)
  A howler monkey skeleton (D:4)
  5 adders
  An ooze (D:3)
  2 worms
  2 dart slugs
  3 leopard geckos
  7 orcs
  4 bats
  2 giant cockroaches
  2 hobgoblins (D:1)
  3 jackals (D:2)
  7 kobolds
  2 quokkas
  4 frilled lizards
  2 goblins (D:1)
  7 rats
57 creatures vanquished.

Notes
Turn   | Place    | Note
-------+----------+-------------------------------------------
     0 | D:1      | MagmaCrab the Ogre Berserker began the quest for the Orb.
     0 | D:1      | Reached XP level 1. HP: 24/24 MP: 1/1
   227 | D:1      | Reached XP level 2. HP: 27/32 MP: 2/2
   528 | D:3      | Reached XP level 3. HP: 40/40 MP: 3/3
   541 | D:2      | HP: 2/40 [poisoned by an adder]
   833 | D:3      | Reached ** piety under Trog
  1088 | D:3      | Reached XP level 4. HP: 47/49 MP: 4/4
  1137 | D:4      | Reached skill level 5 in Fighting
  1219 | D:4      | Found a staircase to the Ecumenical Temple.
  1400 | D:4      | Reached XP level 5. HP: 35/57 MP: 5/5
  2151 | D:2      | Noticed Terence
  2165 | D:2      | Killed Terence
  2189 | D:2      | Found an iron altar of Okawaru.
  2443 | D:2      | Upgraded the game from 0.22.0-21-g8bd1b0a76a to 0.22.0-38-g04b72b8c25
  2498 | D:$      | Got out of the dungeon alive.

Skill      XL: |  1  2  3  4  5 |
---------------+----------------+-----
Maces & Flails | 3 4 |  4.0
Dodging        | 3 4 |  4.0
Fighting       | 5 |  5.8

Action                   |  1- 3 |  4- 6 || total
-------------------------+-------+-------++-------
Melee: Mace              |    82 |   106 ||   188
Invok: Berserk           |     2 |     3 ||     5
  Eat: Ration            |     1 |       ||     1
       Chunk             |       |     6 ||     6
Armor: Animal skin       |    21 |    27 ||    48
Dodge: Dodged            |    45 |    64 ||   109
